 Dungeon Crawl Stone Soup version 0.30.1-4-g462c640d31 (webtiles) character file.

Game seed: 8988464461361873844

178 Heoruswealwe the Conjurer (level 5, -10/28 HPs)
             Began as a Deep Elf Conjurer on Aug 10, 2023.
             Killed by divine providence
             ... invoked by an orc priest
              (15 damage)
             ... on level 4 of the Dungeon.
             The game lasted 00:27:03 (3251 turns).

Heoruswealwe the Conjurer (Deep Elf Conjurer)       Turns: 3251, Time: 00:27:04

Health: -10/28     AC:  2    Str:  4    XL:     5   Next: 32%
Magic:  8/15       EV: 12    Int: 25    God:
Gold:   226        SH:  0    Dex: 16    Spells: 1/15 levels left

rFire   . . .        b - +6 rapier of Pride {drain, rPois Dex+3 SInv}
rCold   . . .        (no shield)
rNeg    . . .        c - +0 robe
rPois   +            (no helmet)
rElec   .            (no cloak)
rCorr   .            (no gloves)
SInv    +            (no boots)
Will    .....        (no amulet)
Stlth   ++           k - +4 ring of slaying
HPRegen 0.24/turn    (no ring)
MPRegen 0.14/turn

%: no passive effects
@: no status effects
A: no striking features
a: no special abilities


You were on level 4 of the Dungeon.
You visited 2 branches of the dungeon, and saw 5 of its levels.

You collected 226 gold pieces.

Inventory:

Hand Weapons
 b - the +6 rapier of Pride (weapon) {drain, rPois Dex+3 SInv}
   (You found it on level 2 of the Dungeon)

   Dex:       It affects your dexterity (+3).
   rPois:     It protects you from poison.
   SInv:      It lets you see invisible.
 p - a +0 war axe
Armour
 c - a +0 robe (worn)
 z - a +0 robe
 B - a +0 robe
 C - a +0 ring mail
Jewellery
 k - a +4 ring of slaying (left hand)
Scrolls
 a - 2 scrolls of poison
 d - a scroll of amnesia {unknown}
 h - a scroll of enchant armour {unknown}
 i - 3 scrolls of blinking
 l - a scroll of fog {unknown}
 m - 3 scrolls of identify {unknown}
 s - a scroll of brand weapon {unknown}
 x - a scroll of butterflies {unknown}
 y - a scroll of teleportation {unknown}
 D - 2 scrolls of noise {unknown}
Potions
 e - 5 potions of curing {unknown}
 f - a potion of magic
 g - a potion of berserk rage {unknown}
 j - 3 potions of cancellation {unknown}
 n - a potion of brilliance {unknown}
 o - a potion of haste {unknown}
 q - a potion of attraction {unknown}
 r - a potion of ambrosia {unknown}
 t - a potion of mutation {unknown}
 u - a potion of flight {unknown}
 v - a potion of lignification {unknown}
 w - a potion of resistance {unknown}
 A - a potion of heal wounds {unknown}
 E - a potion of experience {unknown}


   Skills:
 - Level 2.4 Dodging
 - Level 2.4 Stealth
 + Level 5.7 Spellcasting
 + Level 6.0 Conjurations


You had one spell level left.
You knew the following spells:

 Your Spells              Type           Power      Damage    Failure   Level
a - Magic Dart            Conj           100%       1d8       1%          1
b - Searing Ray           Conj           74%        2d7       1%          2
c - Dazzling Flash        Conj/Hex       44%        N/A       7%          3
d - Fulminant Prism       Conj/Hex       11%        3d8       22%         4
e - Iskenderun's Mystic   Conj/Tloc      22%        2d6       22%         4

Your spell library contained the following spells:

 Spells                   Type           Power      Damage    Failure   Level
 Summon Forest            Summ/Tloc      3%         N/A       91%         5
 Summon Mana Viper        Hex/Summ       7%         N/A       91%         5
 Summon Cactus Giant      Summ           3%         N/A       100%        6


Dungeon Overview and Level Annotations

Branches:
Dungeon (4/15)             Temple (1/1) D:4

Altars:
Ashenzari
Cheibriados
Dithmenos
Elyvilon
Fedhas
Kikubaaqudgha
Makhleb
Nemelex Xobeh
Qazlal
Ru
Sif Muna
Yredelemnul
Zin


Message History

The searing ray hits the orc.
The orc is moderately wounded.
The searing ray misses the orc priest. (Press . to maintain the ray.)
The orc priest mumbles some strange prayers to Beogh against you.
Beogh smites you!
The searing ray hits the orc.
You kill the orc!
The searing ray hits the orc priest.
The orc priest is moderately wounded.
The searing ray hits the scorpion.
The scorpion is moderately wounded.
The searing ray hits the orc priest.
The orc priest is heavily wounded.
The searing ray hits the scorpion.
The scorpion is heavily wounded.
The searing ray hits the orc priest!
The orc priest is heavily wounded.
The searing ray hits the orc priest.
The orc priest is almost dead.
You finish channelling your searing ray.
The scorpion stings you.
Casting: Searing Ray (safe; 1% risk of failure)
Confirm with . or Enter, or press ? or * to list all spells.
Aiming: Searing Ray (safe; 1% risk of failure)
Press: ? - help, Shift-Dir - straight line, f - scorpion
Aim: a scorpion (heavily wounded, 81% to hit)
The searing ray hits the scorpion.
The scorpion is heavily wounded.
The searing ray hits the orc priest!
You kill the orc priest!
The searing ray hits the orc priest but does no damage.
The orc priest is almost dead. (Press . to maintain the ray.)
The scorpion stings you!
* * * LOW HITPOINT WARNING * * *
The orc priest mumbles some strange prayers to Beogh against you.
Beogh smites you!
Ouch! That really hurt!
You die...

#####.#######...# #.##.#
#...†.....#.#######.....
#########....>.....###.#
#......####.###.#
######.####.....#
#####.####.#####
#####.####.#
#######.####.#
#@...........#
#s#####.######
#)#####.#####
#o#####.#####
...####.### #
..#..##.###. ##.#.....#
# # ..#..# ## #


You could see a scorpion and an orc priest.

Vanquished Creatures
  A scorpion (D:4)
  An orc priest (D:4)
  4 adders
  A worm (D:2)
  3 dart slugs
  5 orcs
  4 ball pythons
  5 bats
  6 endoplasms
  A giant cockroach (D:1)
  5 goblins
  8 hobgoblins
  3 kobolds
  6 quokkas
  2 frilled lizards
  3 rats
58 creatures vanquished.

Notes
Turn   | Place    | Note
-------+----------+-------------------------------------------
     0 | D:1      | Heoruswealwe the Deep Elf Conjurer began the quest for the
                  | Orb.
     0 | D:1      | Reached XP level 1. HP: 10/10 MP: 6/6
   105 | D:1      | Reached XP level 2. HP: 15/15 MP: 0/8
   108 | D:1      | Learned a level 2 spell: Searing Ray
   484 | D:2      | Reached skill level 5 in Conjurations
   484 | D:2      | Reached XP level 3. HP: 19/19 MP: 5/10
   673 | D:2      | Learned a level 3 spell: Dazzling Flash
   713 | D:2      | Identified the +6 rapier of Pride {drain, rPois Dex+3 SInv}
   926 | D:1      | You fall into a shaft and drop 1 floor!
  1266 | D:3      | Found an ancient bone altar of Kikubaaqudgha.
  1386 | D:3      | Found a white marble altar of Elyvilon.
  1578 | D:3      | Reached XP level 4. HP: 18/24 MP: 6/12
  1583 | D:3      | Learned a level 4 spell: Fulminant Prism
  1817 | D:3      | Found a burning altar of Makhleb.
  2488 | D:4      | Noticed a scorpion
  2492 | D:4      | Killed a scorpion
  2493 | D:4      | Reached skill level 5 in Spellcasting
  2493 | D:4      | Reached XP level 5. HP: 28/28 MP: 8/15
  2498 | D:4      | Learned a level 4 spell: Iskenderun's Mystic Blast
  2652 | D:4      | Reached skill level 6 in Conjurations
  2664 | D:4      | Found a staircase to the Ecumenical Temple.
  2673 | Temple   | Entered the Ecumenical Temple
  3251 | D:4      | Killed from afar by an orc priest

Illustrated notes

Levels and vault maps discovered:
D:1:      lemuel_arrival_broad_hall, layout_rooms
D:2:      layout_basic, minmay_misc_feat_iff
D:3:      minmay_general_purpose_star, layout_loops_corners, elyvilon_altar_1,
          mainiacjoe_overflow_concentric_impassable, general_overflow_altar
D:4:      layout_loops_corners, vehumet_altar_wand_db,
          minmay_temple_entry_antechambers, chequers_big_river, abandoned_shop,
          reono_crystal_passage
Temple:   dpeg_chambers_temple

Skill      XL: |  1  2  3  4  5 |
---------------+----------------+-----
Spellcasting   | 4 5 |  5.7
Conjurations   | 5 6 |  6.0
Dodging        | |  2.4
Stealth        | |  2.4

Action                     |  1- 3 |  4- 6 || total
---------------------------+-------+-------++-------
  Melee: Rapier            |   122 |    25 ||   147
         Punch             |     2 |       ||     2
   Cast: Magic Dart        |    72 |    31 ||   103
         Searing Ray       |       |     3 ||     3
    Use: Scroll            |       |     2 ||     2
 Armour: Robe              |     3 |     5 ||     8
  Dodge: Dodged            |     9 |    10 ||    19
